 Dungeon Crawl Stone Soup version 0.24-a0-760-g74cc3ae (webtiles) character file.

Game seed: 6744906740735410305, levelgen mode: deterministic

37 silenth the Twirler (level 3, -4/28 HPs)
             Began as a Demonspawn Gladiator on Oct 3, 2019.
             Was an Initiate of Nemelex Xobeh.
             Slain by a kobold
             ... wielding a +2 short sword of electrocution
              (14 damage)
             ... on level 2 of the Dungeon.
             The game lasted 00:01:16 (1220 turns).

silenth the Twirler (Demonspawn Gladiator)          Turns: 1220, Time: 00:01:17

Health: -4/28      AC:  8    Str: 15    XL:     3   Next: 23%
Magic:  3/3        EV:  7    Int:  9    God:    Nemelex Xobeh [......]
Gold:   17         SH:  0    Dex: 14    Spells: 2/2 levels left

rFire    . . .     SeeInvis .   a - +0 quarterstaff
rCold    . . .     Gourm    .   (shield currently unavailable)
rNeg     . . .     Faith    .   i - +0 chain mail
rPois    .         Spirit   .   (helmet restricted)
rElec    .         Reflect  .   j - scarf {repulsion}
rCorr    .         Harm     .   (no gloves)
MR       .....                  (no boots)
Stlth    ..........             (no amulet)
HPRegen  0.09/turn              (no ring)
MPRegen  0.08/turn              (no ring)

@: repel missiles
A: antennae 1
a: Draw Escape, Draw Destruction, Draw Summoning, Renounce Religion


You were on level 2 of the Dungeon.
You worshipped Nemelex Xobeh.
Nemelex Xobeh was noncommittal.
You were not hungry.

You visited 1 branch of the dungeon, and saw 2 of its levels.

You collected 17 gold pieces.

Inventory:

Hand Weapons
 a - a +0 quarterstaff (weapon)
Missiles
 d - 3 throwing nets (quivered)
Armour
 b - a +0 leather armour
 c - a +0 helmet
 i - a +0 chain mail (worn)
 j - a scarf of repulsion (worn)
 n - a +0 plate armour
Scrolls
 g - 2 scrolls of remove curse {unknown}
 k - 4 scrolls of enchant armour {unknown}
 m - 2 scrolls of teleportation {unknown}
 p - a scroll of enchant weapon {unknown}
 r - a scroll of identify {unknown}
Potions
 f - a potion of heal wounds {unknown}
 h - a potion of flight {unknown}
 l - a potion of agility {unknown}
 o - a potion of mutation {unknown}
 q - 2 potions of berserk rage {unknown}
Comestibles
 e - 8 rations
 s - a chunk of flesh


   Skills:
 + Level 2.6 Fighting
 * Level 3.5 Staves
 - Level 1.7 Throwing
 - Level 2.6 Dodging
 + Level 0.4 Invocations


You had 2 spell levels left.
You didn't know any spells.
Your spell library was empty.

Dungeon Overview and Level Annotations

Branches:
Dungeon (2/15)

Altars:
Nemelex Xobeh


Innate Abilities, Weirdness & Mutations

You have a pair of small antennae on your head.


Message History

The kobold throws a stone.
The stone barely misses you.
You see here a stone.
The kobold hits you with a +2 short sword of electrocution.
You are electrocuted!!
Ouch! That really hurt!
You are too injured to fight recklessly!
You are too injured to fight recklessly!
You are too injured to fight recklessly!
You see here a stone.
You draw a card...
You have drawn Wild Magic.
You feel a surge of magic. The kobold completely misses you.
You draw a card...
You have drawn Velocity.
The kobold seems to slow down.
Your chain mail prevents you from hitting the kobold.
The kobold barely misses you.
You miss the kobold. The kobold completely misses you.
You closely miss the kobold. The kobold hits you but does no damage.
You are electrocuted!
Ouch! That really hurt!
You die...
Your body disappears without a glow.

# .. ###### #.#
.....# ##.######
####.# #......(.
####.####
#.†.....[
........######(..▒
####.##......÷...▒
####.#########...▒
.....# #..@▒
###### ###K▒ #..(▒
#.#.▒ #.##.# # .#
.# .# ..


You could see a kobold.

Vanquished Creatures
  An adder (D:2)
  A worm (D:2)
  5 bats
  2 giant cockroaches
  A goblin (D:1)
  2 hobgoblins
  3 jackals (D:2)
  2 quokkas (D:2)
  3 kobolds (D:1)
  5 rats
25 creatures vanquished.

Notes
Turn   | Place    | Note
-------+----------+-------------------------------------------
     0 | D:1      | silenth the Demonspawn Gladiator began the quest for the
                  | Orb.
     0 | D:1      | Reached XP level 1. HP: 16/16 MP: 1/1
   196 | D:1      | Reached skill level 3 in Staves
   308 | D:1      | Gained mutation: You have a pair of small antennae on your
                  | head. [demonic ancestry]
   308 | D:1      | Reached XP level 2. HP: 22/22 MP: 2/2
   688 | D:2      | Found a sparkling altar of Nemelex Xobeh.
   699 | D:2      | Became a worshipper of Nemelex Xobeh the Trickster
   883 | D:2      | Received a gift from Nemelex Xobeh
   976 | D:2      | Reached XP level 3. HP: 18/28 MP: 3/3
  1220 | D:2      | Slain by a kobold

Levels and vault maps discovered:
D:1:      tarquinn_simple_flora_water_b, layout_rooms,
          minmay_misc_feat_four_crosses
D:2:      lemuel_upstairs_altar, layout_loops_cross,
          nemelex_xobeh_ov_fountains_minmay, serial_bayou_crossing

Skill      XL: |  1 |
---------------+----+-----
Staves         | 3 |  3.5
Fighting       | |  2.6
Throwing       | |  1.7
Dodging        | |  2.6
Invocations    | |  0.4

Action                   || total
-------------------------++-------
Melee: Quarterstaff      ||   105
 Abil: Draw Escape       ||     1
       Draw Destruction  ||     1
  Eat: Chunk             ||     1
Armor: Chain mail        ||    81
       Leather armour    ||    11
Dodge: Dodged            ||    77
       Deflected         ||     1

Table legend:
 A = Non-vault XP
 B = Vault XP
 C = Vault XP percentage of total XP
 D = Non-vault monster count
 E = Vault monster count
 F = Vault count percentage of total count
                 A         B        C        D         E       F
            +---------+---------+-------+---------+---------+-------
      Total |      54 |       0 |   0.0 |      25 |       0 |   0.0
            +---------+---------+-------+---------+---------+-------
        D:1 |      15 |       0 |   0.0 |      11 |       0 |   0.0
        D:2 |      39 |       0 |   0.0 |      14 |       0 |   0.0
            +---------+---------+-------+---------+---------+-------
